 Dungeon Sprint DCSS version 0.31-a0-632-g766dd24fdf (webtiles) character file.

Game seed: 830083696615235353

9 sircluck the Trooper (level 2, -16/33 HPs)
             Began as an Ogre Cinder Acolyte on Aug 25, 2023.
             Was a High Priest of Ignis.
             Killed from afar by an oklob sapling (31 damage)
             ... with a splash of acid
             ... in the Dungeon (Sprint IV: "Fedhas' Mad Dash").
             The game lasted 00:01:02 (116 turns).

sircluck the Trooper (Ogre Cinder Acolyte)           Turns: 116, Time: 00:01:02

Health: -16/33     AC:  3    Str: 17    XL:     2   Next: 16%
Magic:  5/5        EV:  9    Int: 15    God:    Ignis [*****.]
Gold:   8          SH:  0    Dex:  4    Spells: 6/6 levels left

rFire   + . .        a - -1 spear (flame)
rCold   . . .        (no shield)
rNeg    . . .        b - +0 robe
rPois   .            (helmet restricted)
rElec   .            (no cloak)
rCorr   .            (gloves unavailable)
SInv    .            (boots unavailable)
Will    .....        (no amulet)
Stlth   +            (no ring)
HPRegen 0.25/turn    (no ring)
MPRegen 0.09/turn

%: no teleportation
@: no status effects
A: large, unfitting armour, tough skin 1
a: Renounce Religion, Fiery Armour, Foxfire Swarm, Rising Flame


You were in the Dungeon.
You worshipped Ignis.
Ignis was extremely pleased with you.
You visited 1 branch You collected 8 gold pieces.

Inventory:

Hand Weapons
 a - a -1 spear of flaming (weapon)
Armour
 b - a +0 robe (worn)
Scrolls
 h - a scroll of blinking
Potions
 c - a potion of curing
 d - a potion of heal wounds
 e - a potion of haste
 f - 2 potions of magic
 g - a potion of berserk rage


   Skills:
 + Level 4.8 Fighting
 + Level 3.6 Polearms
 + Level 2.5 Spellcasting
 + Level 3.3 Fire Magic


You had 6 spell levels left.
You didn't know any spells.
Your spell library contained the following spells:

 Spells                   Type           Power      Damage    Failure   Level
 Scorch                   Fire           22%        2d5       9%          2


Dungeon Overview and Level Annotations

Branches:
Dungeon (1/1)

Altars:

Annotations:
D exclusion: oklob sapling


Innate Abilities, Weirdness & Mutations

You are too large for most types of armour.
You have tough skin. (AC +1)


Message History

The river rat barely misses you. The rat bites you.
You hit the river rat. You burn the river rat.
You kill the river rat!
The rat bites you.
Your Spellcasting skill increases to level 2!
Your Fire Magic skill increases to level 3!
You have reached level 2!
Unknown command.
Unknown command.
You hit the rat. You burn the rat.
You kill the rat!
You see here a rat corpse.
There is an open door here.
You now have 8 gold pieces.
You start resting.
Magic restored.
You start resting.
HP restored.
You open the door.
An oklob sapling comes into view.
The oklob sapling spits acid at you. The splash of acid hits you!!
Ouch! That really hurt!
Marking area around an oklob sapling as unsafe for travelling.
Found 44 gold pieces.
Unknown command.
Reach: a) -1 spear (flame)
Press: ? - help, Dir - move target, f - oklob sapling
Aim: an oklob sapling (about 2% to evade your -1 spear of flaming)
You reach to attack!
You hit the oklob sapling but do no damage.
Reach: a) -1 spear (flame)
Press: ? - help, Dir - move target, f/p - oklob sapling
Aim: an oklob sapling (about 2% to evade your -1 spear of flaming)
You reach to attack!
You hit the oklob sapling but do no damage.
The oklob sapling spits acid at you. The splash of acid hits you!!
Ouch! That really hurt!
You die...

############ #####
#<†.P#.....#.$$$$#
#.†..'....@'.#
#PPPP#.....#P#
############ #


You could see an oklob sapling.

Vanquished Creatures
  A river rat (D)
  A rat (D)
2 creatures vanquished.

Notes
Turn   | Place    | Note
-------+----------+-------------------------------------------
     0 | D        | sircluck the Ogre Cinder Acolyte began the quest for the
                  | Orb.
     0 | D        | Reached XP level 1. HP: 24/24 MP: 2/2
    28 | D        | Reached XP level 2. HP: 11/33 MP: 3/5
   114 | D        | Noticed an oklob sapling
   116 | D        | Killed from afar by an oklob sapling

Illustrated notes

Levels and vault maps discovered:
D:        dungeon_sprint_fedhas [sprint_temple]

Skill      XL: |  1 |
---------------+----+-----
Spellcasting   | 2 |  2.5
Fire Magic     | 3 |  3.3
Fighting       | |  4.8
Polearms       | |  3.6

Action                     || total
---------------------------++-------
  Melee: Spear             ||    17
 Armour: Robe              ||     1
  Dodge: Dodged            ||    10

Table legend: (Time is in decaauts)
 A = Elapsed time spent in this place.
 B = Non-inter-level travel time spent in this place.
 C = Inter-level travel time spent in this place.
 D = Time resting spent in this place.
 E = Time spent auto-exploring this place.
 F = Levels seen in this place.
 G = Mean time per level.
                   A        B        C        D        E       F      G
               +--------+--------+--------+--------+--------+-----+--------+
         Total |    115 |    115 |      0 |     74 |      0 |   1 |  115.0 |
       Dungeon |    115 |    115 |      0 |     74 |      0 |   1 |  115.0 |
               +--------+--------+--------+--------+--------+-----+--------+

Top non-repeatable levels by time:
       D: 115 daAuts
